 Dungeon Crawl Stone Soup version 0.17-a0-1646-geb1493d (webtiles) character file.

67 maniek23 the Poker (level 4, 0/34 HPs)
             Began as a Merfolk Skald on Aug 9, 2015.
             Was a Follower of Yredelemnul.
             Succumbed to an adder's poison
             ... on level 3 of the Dungeon.
             The game lasted 00:04:56 (1640 turns).

maniek23 the Poker (Merfolk Skald)                  Turns: 1640, Time: 00:04:56

Health: 0/34       AC:  3    Str: 14    XL:     4   Next: 18%
Magic:  7/7        EV: 11    Int: 11    God:    Yredelemnul [*.....]
Gold:   109        SH:  0    Dex: 14    Spells: 2 memorised, 4 levels left

rFire  . . .     SeeInvis .     a - +0 spear
rCold  . . .     Clarity  .     b - +1 leather armour
rNeg   . . .     SustAt   .     (no shield)
rPois  .         Gourm    .     p - +0 helmet
rElec  +         Spirit   .     (no cloak)
rCorr  .         Warding  .     (no gloves)
rMut   .         Stasis   .     (no boots)
MR     +....                    (no amulet)
Stlth  +.........               (no ring)
                                l - -2 ring of protection

@: lethally poisoned (0 -> -1), somewhat resistant to hostile enchantments, very
unstealthy
A: change form in water, swift swim, magic resistance 1, electricity resistance,
strong 1
a: Animate Remains, Renounce Religion


You were on level 3 of the Dungeon.
You worshipped Yredelemnul.
Yredelemnul was aware of your devotion.
You were not hungry.

You visited 1 branch of the dungeon, and saw 3 of its levels.

You collected 109 gold pieces.

Inventory:

Hand weapons
 a - a +0 spear (weapon)
Missiles
 s - a throwing net (quivered)
Armour
 b - a +1 leather armour (worn)
 m - a +0 buckler
 p - a +0 helmet (worn)
Jewellery
 l - a -2 ring of protection (left hand)
Scrolls
 e - a scroll of amnesia
 f - a scroll of remove curse
 n - a scroll of enchant weapon
Books
 c - a book of Battle

   Spells                             Type                      Level
   a - Infusion                       Charms                       1
   b - Shroud of Golubria             Charms/Translocation         2
   c - Song of Slaying                Charms                       2
   d - Spectral Weapon                Hexes/Charms                 3
   e - Regeneration                   Charms/Necromancy            3
Comestibles
 d - 3 bread rations
 h - a beef jerky
 k - 2 meat rations


   Skills:
 * Level 2.9 Fighting
 * Level 4.2 Polearms
 - Level 0.6 Armour
 - Level 1.3 Dodging
 + Level 1.0 Stealth
 + Level 2.2 Spellcasting
 + Level 4.0 Charms


You had 4 spell levels left.
You knew the following spells:

 Your Spells              Type           Power        Failure   Level  Hunger
a - Infusion              Chrm           ##....       10%         1    ##.....
b - Shroud of Golubria    Chrm/Tloc      #.........   24%         2    ###....


Dungeon Overview and Level Annotations

Branches:
Dungeon (3/15)

Altars:
Yredelemnul

Annotations:
D:3 Chiseanne's ghost, average DsFi


Innate Abilities, Weirdness & Mutations

You revert to your normal form in water.
You are very nimble and swift while swimming.
You are resistant to hostile enchantments.
You are resistant to electric shocks.
Your muscles are strong. (Str +2)


Message History

The scroll dissolves into smoke.
It was a scroll of fog.
Read which item? (? for menu, Esc to quit)
As you read the scroll labeled INOKEL CUIQAU, it crumbles to dust.
It is a scroll of identify.
Identify which item? (\ to view known items) (? for menu, Esc to quit)
n - a scroll of enchant weapon Read which item? (? for menu, Esc to quit)
As you read the scroll labeled NUPPUXZ LI EDUYSY, it crumbles to dust.
It is a scroll of enchant armour.
Enchant which item? (? for menu, Esc to quit)
Your +0 leather armour glows green for a moment.
Read which item? (? for menu, Esc to quit)
As you read the scroll labeled JISAXO XUNEY, it crumbles to dust.
You feel aware of your surroundings.
It was a scroll of magic mapping.
* * * LOW HITPOINT WARNING * * *
You feel sick.
* * * LOW HITPOINT WARNING * * *
You feel sick.
You die...
Your body rises from the dead as a mindless zombie.

,,,* ######.#.#,* ,*,*
#.##.#.#,* **,*
#......#,####*
**,***######.##.###.....**
,,,,,,..................>*
***,***####......###...,,* *
*,,* #...§..§.#,,,,,* * **,*
#....§#§.#,,,,,* * *,*
##+#.#@#.#,,,,,* * *,**
*,#.§#§.#,,,,,*
****,,*****#,#§..§§#,,,,,*
,,,,...,..##.##...######,*
,****..*#.##.............*
W*,,*#.##.#####.#######..****
.*,,##..#.#.......[....,,,,,*
.,<,,...#.#.###.#######,,,,,*
.,*,**#...#...........#,,,,,*


There were no monsters in sight!

Vanquished Creatures
  3 adders
  3 giant geckos
  4 bats
  3 giant cockroaches
  5 hobgoblins
  6 kobolds
  A quokka (D:2)
  3 giant newts
  5 goblins
  2 rats
35 creatures vanquished.

Notes
Turn   | Place    | Note
--------------------------------------------------------------
     0 | D:1      | maniek23 the Merfolk Skald began the quest for the Orb.
     0 | D:1      | Reached XP level 1. HP: 16/16 MP: 3/3
   104 | D:1      | Reached XP level 2. HP: 18/23 MP: 5/5
   278 | D:1      | Learned a level 2 spell: Shroud of Golubria
   556 | D:2      | Reached skill level 4 in Polearms
   556 | D:2      | Reached XP level 3. HP: 28/28 MP: 6/6
  1328 | D:3      | Noticed Chiseanne's ghost (average DsFi)
  1366 | D:3      | Reached XP level 4. HP: 12/34 MP: 7/7
  1580 | D:3      | Found a faded altar to an unknown god.
  1609 | D:3      | Reached skill level 1 in Stealth
  1610 | D:3      | Gained mutation: You are resistant to electric shocks. [potion of mutation]
  1610 | D:3      | Gained mutation: Your muscles are strong. (Str +2) [potion of mutation]
  1610 | D:3      | Gained mutation: You are resistant to hostile enchantments. [potion of mutation]
  1621 | D:3      | Became a worshipper of Yredelemnul the Dark
  1621 | D:3      | Acquired Yredelemnul's first power
  1632 | D:3      | HP: 1/34 [poisoned by an adder]
  1640 | D:3      | Succumbed to an adder's poison

Vault maps used:
D:1:      lightli_arrival_noodles
D:2:      serial_forest, infiniplex_forest_lined_3, infiniplex_forest_lined_2,
          infiniplex_forest_clump_curved, infiniplex_forest_lined_2,
          infiniplex_forest_straight_3, infiniplex_forest_clump_curved
D:3:      first_bread, ecumenical_altar_1

Action                   |  1- 3 |  4- 6 || total
-------------------------+-------+-------++-------
Melee: Spear             |   137 |    12 ||   149
 Cast: Infusion          |     1 |       ||     1
  Use: Scroll            |       |     7 ||     7
       Potion            |       |     1 ||     1
 Stab: Sleeping          |     2 |       ||     2
  Eat: Chunk             |     1 |     1 ||     2
